 Dungeon Crawl Stone Soup version 0.29-a0-323-g050149af67 (webtiles) character file.

Game seed: 13353423388457933272

100 quinnr the Gusty (level 4, 0/24 HPs)
             Began as a Tengu Air Elementalist on Apr 10, 2022.
             Was an Initiate of Sif Muna.
             Succumbed to a water moccasin's poison
             ... on level 3 of the Dungeon.
             The game lasted 00:05:34 (3557 turns).

quinnr the Gusty (Tengu Air Elementalist)           Turns: 3557, Time: 00:05:34

Health: 0/24       AC:  3    Str: 15    XL:     4   Next: 74%
Magic:  3/8        EV: 12    Int: 17    God:    Sif Muna [......]
Gold:   104        SH:  0    Dex: 14    Spells: 6/7 levels left

rFire   . . .      SeeInvis .   o - +5 dagger
rCold   . . .      Faith    .   (no shield)
rNeg    . . .      Spirit   .   a - +0 robe
rPois   .          Reflect  .   (helmet restricted)
rElec   .          Harm     .   (no cloak)
rCorr   .          Rampage  .   j - +0 pair of gloves
Will    .....                   (boots unavailable)
Stlth   ++........              (no amulet)
HPRegen 0.08/turn               p - +6 ring of strength
MPRegen 0.11/turn               (no ring)

@: lethally poisoned (0 -> -13)
A: beak, talons 3
a: Renounce Religion


You were on level 3 of the Dungeon.
You worshipped Sif Muna.
Sif Muna was noncommittal.
You visited 2 branches of the dungeon, and saw 5 of its levels.

You collected 104 gold pieces.

Inventory:

Hand Weapons
 o - a +5 dagger (weapon)
Missiles
 e - 4 curare-tipped darts
Armour
 a - a +0 robe (worn)
 j - a +0 pair of gloves (worn)
Jewellery
 h - an amulet of guardian spirit
 k - a ring of ice
 p - a +6 ring of strength (left hand)
Wands
 r - a wand of flame (6)
Scrolls
 c - a scroll of fog
 g - a scroll of brand weapon {unknown}
 l - a scroll of noise {unknown}
 m - a scroll of identify {unknown}
Potions
 b - a potion of magic
 d - 2 potions of lignification {unknown}
 f - a potion of resistance {unknown}
 i - a potion of haste {unknown}


   Skills:
 - Level 2.2 Dodging
 - Level 2.1 Stealth
 - Level 2.0 Spellcasting
 - Level 1.5 Conjurations
 * Level 6.8 Air Magic


You had 6 spell levels left.
You knew the following spells:

 Your Spells              Type           Power      Damage    Failure   Level
a - Shock                 Conj/Air       64%        1d7       3%          1

Your spell library contained the following spells:

 Spells                   Type           Power      Damage    Failure   Level
 Swiftness                Air            25%        N/A       3%          3
 Static Discharge         Conj/Air       16%        N/A       5%          2
 Airstrike                Air            12%        N/A       12%         4
 Slow                     Hex            4%         N/A       19%         1
 Confusing Touch          Hex            1%         N/A       50%         3
 Vampiric Draining        Necr           1%         2d6       50%         3
 Irradiate                Conj/Tmut      2%         3d14      98%         5
 Blade Hands              Tmut           0%         N/A       99%         5
 Dragon Form              Tmut           0%         N/A       100%        7


Dungeon Overview and Level Annotations

Branches:
Dungeon (4/15)             Temple (1/1) D:4

Altars:
Dithmenos
Fedhas
Gozag
Okawaru
Qazlal
Sif Muna
Trog
Uskayaw
Wu Jian
Xom


Innate Abilities, Weirdness & Mutations

You have a beak for a mouth.
You have claws for feet.


Message History

The zap hits the kobold.
You kill the kobold!
Sif Muna accepts your kill.
The zap hits the water moccasin.
The water moccasin is heavily wounded.
The zap hits the water moccasin.
The water moccasin is heavily wounded.
Unknown command.
Casting: Shock (safe; 3% risk of failure)
Confirm with . or Enter, or press ? or * to list all spells.
Aiming: Shock (safe; 3% risk of failure)
Press: ? - help, Shift-Dir - straight line The zap hits the water moccasin!
The water moccasin is severely wounded.
The zap hits the water moccasin.
The water moccasin is almost dead.
The water moccasin bites you! The water moccasin bites you.
* * * LOW HITPOINT WARNING * * *
You are lethally poisoned!
The water moccasin poisons you!
Unknown command.
Casting: Shock (safe; 3% risk of failure)
Confirm with . or Enter, or press ? or * to list all spells.
Aiming: Shock (safe; 3% risk of failure)
Press: ? - help, Shift-Dir - straight line The zap hits the water moccasin.
The water moccasin is almost dead.
The zap misses the water moccasin.
* * * LOW HITPOINT WARNING * * *
You feel very sick. The water moccasin closely misses you.
Unknown command.
Casting: Shock (safe; 3% risk of failure)
Confirm with . or Enter, or press ? or * to list all spells.
Aiming: Shock (safe; 3% risk of failure)
Press: ? - help, Shift-Dir - straight line The zap hits the water moccasin.
You kill the water moccasin!
Sif Muna accepts your kill.
You die...

.##.#
#.###.#####.#.##...##
.##.##
#.#.................###
..b..#
#...........#...).....#
####.#
###.#...#####.#.....#.#
# #.#
#.###.............#.#
## #.# #.#
#..####.###...#.# .#
#.# #.# #..# #.#
#####.# .###.## #.#
#..# #.# #.#
......######.# #@.# #.#
#.# ...........#.# #).#
#.# ####...#.#.#.###..#
..........
#..###.........#
#######.##
#.#.#.########.# #.#
#.##.## .# #.# ##.##.#
.# #.. #..##.# .. ###
#.###. ..


There were no monsters in sight!

Vanquished Creatures
  A water moccasin (D:3)
  A hound (Temple)
  An adder (D:2)
  3 worms
  3 dart slugs (D:1)
  2 endoplasms
  4 giant cockroaches
  3 goblins (D:1)
  3 hobgoblins
  2 jackals (D:1)
  4 quokkas
  4 ball pythons
  6 bats
  6 kobolds
  3 rats
46 creatures vanquished.

Notes
Turn   | Place    | Note
-------+----------+-------------------------------------------
     0 | D:1      | quinnr the Tengu Air Elementalist began the quest for the
                  | Orb.
     0 | D:1      | Reached XP level 1. HP: 10/10 MP: 4/4
   223 | D:1      | Reached XP level 2. HP: 11/15 MP: 0/6
   836 | D:1      | Found a faded altar of an unknown god.
   873 | D:1      | Reached skill level 5 in Air Magic
   920 | D:1      | Reached XP level 3. HP: 16/19 MP: 0/7
  2147 | D:2      | Reached skill level 6 in Air Magic
  2526 | D:2      | You fall into a shaft and drop 2 floors!
  2526 | D:4      | Found a staircase to the Ecumenical Temple.
  2532 | Temple   | Entered the Ecumenical Temple
  2541 | Temple   | Reached XP level 4. HP: 19/24 MP: 1/8
  2980 | D:3      | Found a shimmering blue altar of Sif Muna.
  2999 | D:3      | Became a worshipper of Sif Muna the Loreminder
  3539 | D:3      | Noticed a water moccasin
  3557 | D:3      | Killed a water moccasin
  3557 | D:3      | Succumbed to a water moccasin's poison

Illustrated notes

Levels and vault maps discovered:
D:1:      dpeg_arrival_round_a, layout_basic,
          dreamdust_ecumenical_altar_statues, minmay_tromino_i2
D:2:      layout_basic
D:3:      layout_loops_ring, mainiacjoe_overflow_concentric_impassable,
          lemuel_tele_altar
D:4:      layout_basic, nicolae_ru_awakened_eye, minmay_temple_entry_mini_moons,
          uniq_ijyb
Temple:   compressed_dpeg_triangle_lava_temple

Skill      XL: |  1  2  3 |
---------------+----------+-----
Air Magic      | 5 6 |  6.8
Dodging        | |  2.2
Stealth        | |  2.1
Spellcasting   | |  2.0
Conjurations   | |  1.5

Action                   |  1- 3 |  4- 6 || total
-------------------------+-------+-------++-------
Melee: Unarmed           |     7 |       ||     7
       Peck              |     1 |       ||     1
       Punch             |     1 |       ||     1
       Dagger            |       |     3 ||     3
 Cast: Shock             |    85 |    33 ||   118
  Use: Scroll            |       |     3 ||     3
Armor: Robe              |    10 |     4 ||    14
Dodge: Dodged            |    36 |     8 ||    44

Table legend: (Time is in decaauts)
 A = Elapsed time spent in this place.
 B = Non-inter-level travel time spent in this place.
 C = Inter-level travel time spent in this place.
 D = Time resting spent in this place.
 E = Time spent auto-exploring this place.
 F = Levels seen in this place.
 G = Mean time per level.
                   A        B        C        D        E       F      G
               +--------+--------+--------+--------+--------+-----+--------+
         Total |   3557 |   3416 |    141 |     18 |   3073 |   5 |  711.4 |
       Dungeon |   3153 |   3033 |    120 |     18 |   2705 |   4 |  788.2 |
        Temple |    403 |    382 |     21 |      0 |    368 |   1 |  403.0 |
               +--------+--------+--------+--------+--------+-----+--------+

Top non-repeatable levels by time:
     D:1: 1561 daAuts
     D:2: 1131 daAuts
     D:3: 435 daAuts
  Temple: 403 daAuts
     D:4: 26 daAuts
